 Dungeon Crawl Stone Soup version 0.29.1-15-g9cfb28693d (webtiles) character file.

Game seed: 11586393181227693658

655174 grumposus the Impregnable (level 27, -1/261 HPs)
             Began as a Minotaur Berserker on Mar 2, 2023.
             Was the Champion of Trog.
             Slain by a bone dragon (12 damage)
             ... called by a doom hound
             ... in the Vestibule of Hell.
             The game lasted 03:53:03 (75801 turns).

grumposus the Impregnable (Minotaur Berserker)     Turns: 75801, Time: 03:53:12

Health: -1/261     AC: 47    Str: 29 (38) XL:     27
Magic:  19/19      EV: 15    Int:  3 (12) God:    Trog [******]
Gold:   4283       SH: 19    Dex: 11 (18) Spells: 26/26 levels left

rFire   + . .      SeeInvis +   k - +8 eveningstar (flame)
rCold   + . .      Faith    .   c - +5 kite shield of Orias {+Inv}
rNeg    . . .      Spirit   .   m - +7 gold dragon scales
rPois   +          Reflect  .   Z - +3 crown of Dyrovepreva {rElec Int+2 SInv}
rElec   +          Harm     .   x - +1 cloak
rCorr   .          Rampage  .   g - +1 pair of gloves "Niquon" {rElec Dex+6 Stlth+}
Will    +++..                   h - +2 pair of boots
Stlth   ..........              a - amulet "Womur" {Regen+ Str+4}
HPRegen 1.33/turn               p - +6 ring of intelligence
MPRegen 0.16/turn               I - ring of willpower

@: lethally poisoned (-1 -> -9), doom-hounded, slowed, studying Staves, very
slow
A: horns 2, retaliatory headbutt, low MP 1, electricity resistance
}: 4/15 runes: barnacled, slimy, silver, gossamer
a: Renounce Religion, Evoke Invisibility, Berserk, Trog's Hand, Brothers in Arms


You were in the Vestibule of Hell.
You worshipped Trog.
Trog was exalted by your worship.
You visited 12 branches of the dungeon, and saw 56 of its levels.
You also visited: Trove.

You collected 8475 gold pieces.
You spent 4192 gold pieces at shops.

Inventory:

Hand Weapons
 k - a +8 eveningstar of flaming (weapon)
 C - a +3 vorpal eveningstar
 E - a +2 morningstar of holy wrath
Missiles
 q - a silver javelin (quivered)
 z - 8 throwing nets
Armour
 c - the +5 kite shield of Orias (worn) {+Inv}
   (You found it in a treasure trove)

   +Inv:      It lets you turn invisible.
 g - the +1 pair of gloves "Niquon" (worn) {rElec Dex+6 Stlth+}
   (You found it in a treasure trove)

   Dex:       It affects your dexterity (+6).
   rElec:     It insulates you from electricity.
   Stlth:     It makes you more stealthy.
 h - a +2 pair of boots (worn)
 m - +7 gold dragon scales (worn)
 x - a +1 cloak (worn)
 Z - the +3 crown of Dyrovepreva (worn) {rElec Int+2 SInv}
   (You found it on level 1 of the Shoals)

   Int:       It affects your intelligence (+2).
   rElec:     It insulates you from electricity.
   SInv:      It lets you see invisible.
Jewellery
 a - the amulet "Womur" (around neck) {Regen+ Str+4}
   (You found it on level 3 of the Crypt)

   [amulet of regeneration]

   Str:       It affects your strength (+4).
   Regen:     It increases your rate of health regeneration.
 p - a +6 ring of intelligence (left hand)
 r - the ring "Gouwaim" {+Blink rC+ MP+9 Slay+2}
   (You acquired it on level 2 of the Elven Halls)

   [ring of magical power]

   Slay:      It affects your accuracy & damage with ranged weapons and melee
   (+2).
   rC:        It protects you from cold.
   MP:        It affects your magic capacity (+9).
   +Blink:    It lets you blink.
 A - a ring of protection from fire
 I - a ring of willpower (right hand)
 N - a ring of resist corrosion
 R - a ring of positive energy
Wands
 e - a wand of charming (34)
 l - a wand of acid (35)
 D - a wand of roots (60)
 G - a wand of digging (15)
 K - a wand of polymorph (35)
 Q - a wand of mindburst (29)
Scrolls
 b - 4 scrolls of brand weapon
 d - 4 scrolls of silence
 o - 11 scrolls of butterflies
 v - 14 scrolls of vulnerability
 J - 2 scrolls of immolation
 M - 4 scrolls of summoning
 P - 6 scrolls of fear
 S - 28 scrolls of teleportation
 T - 3 scrolls of magic mapping
Potions
 f - 31 potions of curing
 i - 14 potions of flight
 n - 2 potions of cancellation
 s - 4 potions of invisibility
 t - 7 potions of lignification
 u - 17 potions of mutation
 F - 11 potions of heal wounds
 O - 8 potions of berserk rage
 U - 7 potions of might
 V - 10 potions of ambrosia
 W - 7 potions of haste
 Y - 4 potions of resistance
Miscellaneous
 j - a tin of tremorstones (2/2)
 w - a box of beasts
 y - a lightning rod (4/4)
 B - a phial of floods
 H - a condenser vane
 L - a phantom mirror
 X - the horn of Geryon


   Skills:
 - Level 24.0 Fighting
 - Level 23.1 Maces & Flails
 - Level 16.0 Throwing
 + Level 26.5 Armour
 + Level 24.6 Dodging
 + Level 17.7 Stealth
 + Level 19.6 Shields
 - Level 15.6 Evocations


You had 26 spell levels left.
You didn't know any spells.
Your spell library was empty.

Dungeon Overview and Level Annotations

Branches:
Dungeon (15/15)            Temple (0/1) D:4            Lair (5/5) D:10
 Shoals (4/4) Lair:2       Spider (4/4) Lair:3        Slime (5/5) Lair:5
    Orc (2/2) D:11            Elf (3/3) Orc:2        Vaults (5/5) D:14
  Crypt (3/3) Vaults:3       Tomb (0/3) Crypt:3      Depths (4/4) D:15
   Hell (1/1)                 Tar (0/7) Hell            Zot (5/5) Depths:4
    Dis: Hell:1         Geh: Hell:1         Coc: Hell:1

Altars:
Ashenzari
Cheibriados
Elyvilon
Gozag
Hepliaklqana
Nemelex Xobeh
Okawaru
Qazlal
Ru
Trog
Vehumet
Yredelemnul
Jiyva

Shops:
D:7 (   Orc:2 ((((   Elf:2 :![*   Elf:3 :   Shoals:1 :   Shoals:3 =
Vaults:1 *   Vaults:3 =:*   Vaults:4 (   Depths:4 [*(!(

Portals:
Hell: Depths:1 Depths:2 Depths:3 Depths:4
Abyss: Depths:3 Depths:4
Pandemonium: Depths:2 Depths:4
Ziggurat: Depths:1

Annotations:
D:9 exclusion: downstairs
D:13 exclusion: downstairs
Lair:4 exclusion: downstairs
Elf:3 6 transporters
Vaults:1 36 runed doors
Hell exclusion: 2 ice statues
Zot:2 exclusion: downstairs


Innate Abilities, Weirdness & Mutations

You have a pair of horns on your head.
You reflexively headbutt those who attack you in melee.
Your magical capacity is low. (-10% MP)
You are resistant to electric shocks. (rElec)


Message History

You are more poisoned.
You feel as though you will be slow longer.
You feel extremely sick. The doom hound bites you!!
The doom hound claws you but does no damage.
You block the soul eater's attack. The bone dragon bites you.
The bone dragon claws you but does no damage.
The bone dragon tramples you but does no damage.
The doom hound bites you!
The doom hound claws you but does no damage.
You are engulfed in dark miasma.
You are more poisoned.
You feel extremely sick. You block the bone dragon's attack.
The bone dragon misses you.
The bone dragon tramples you but does no damage.
You block the doom hound's attack.
The doom hound claws you but does no damage.
The bone dragon attacks as you move away!
The bone dragon bites you but does no damage.
You block the bone dragon's attack.
The bone dragon tramples you but does no damage.
You feel extremely sick.
The Tzitzimitl calls on the powers of darkness!
Your body is wracked with pain!
* * * LOW HITPOINT WARNING * * *
You block the bone dragon's attack. The bone dragon claws you.
* * * LOW HITPOINT WARNING * * *
The bone dragon tramples you but does no damage.
A reaper comes into view. It is wielding a +3 scythe of pain.
Okay, then.
Okay, then.
Okay, then.
As you read the scroll of summoning, it crumbles to dust.
Wisps of shadow whirl around you...
You feel extremely sick.
The Tzitzimitl calls on the powers of darkness!
Your body is wracked with pain!
* * * LOW HITPOINT WARNING * * *
The bone dragon bites you!
You die...

##.........##
..
##.......## .
##..∩..##
##...##
##...##
##.....##
#......3##
#..##.##42##
#..##...##@2#
##.#.... #D##
. #... #h3#
##.. #†1.#
#.. ....#
#....# ....##
.....# ....##


You could see a bone dragon, a doom hound, a Tzitzimitl, a reaper (ally target),
a soul eater, a friendly reaper (summoned), a friendly soul eater (summoned) and
a friendly ice devil (summoned).

Vanquished Creatures
  the Royal Jelly (Slime:5)
  4 orbs of fire (Zot:5)
  A dread lich (Vaults:5)
  7 ancient liches
  Khufu (Crypt:2)
  Mara (Depths:3)
  Mennas (Crypt:1)
  Boris (twice) (Vaults:2 Depths:3)
  A royal mummy (Crypt:3)
  2 Killer Klowns (Zot:5)
  Frederick (Crypt:3)
  Margery (Vaults:3)
  4 curse toes
  Nikola (Spider:3)
  Geryon (Hell)
  12 golden dragons
  the Enchantress (Depths:1)
  4 doom hounds
  A bone dragon (Vaults:3)
  5 electric golems
  Grunn (Zot:3)
  Rupert (D:12)
  8 liches
  Zenata (Crypt:1)
  16 tentacled monstrosities
  3 deep elf blademasters (Elf:3)
  A walking earthen tome (Depths:1)
  6 deep elf master archers (Elf:3)
  13 Orb Guardians (Zot:5)
  8 quicksilver dragons
  5 titans
  A walking divine tome (Depths:1)
  10 ancient champions
  9 sphinxes
  Gastronok (Lair:3)
  15 acid blobs
  6 death cobs
  15 storm dragons
  7 tengu reavers
  9 rockslimes
  7 shadow dragons
  8 draconian monks
  3 draconian knights
  7 frost giants
  2 revenants
  14 azure jellies
  6 deep elf sorcerers
  4 orc warlords
  3 draconian scorchers
  The ghost of arthad the Cleaver, an adept VSFi of Makhleb (Shoals:2)
  Louise (Spider:1)
  11 emperor scorpions
  9 fire giants
  11 ghost moths
  2 iron dragons
  25 vault wardens
  7 quicksilver oozes
  3 draconian stormcallers
  3 deep elf elementalists (Elf:3)
  7 draconian annihilators
  9 draconian shifters
  2 spriggan defenders (Depths:1)
  29 ironbound preservers
  2 ghouls (Crypt:2)
  4 vampire knights
  3 broodmothers (Spider:4)
  A juggernaut skeleton (Crypt:3)
  9 ironbound thunderhulks
  12 stone giants
  A reaper (Hell)
  3 war gargoyles
  5 caustic shrike skeletons
  9 green draconians
  A quicksilver ooze (shapeshifter) (Depths:4)
  12 black draconians
  5 white draconians
  15 very ugly things
  6 entropy weavers
  A putrid mouth (Hell)
  8 deep elf annihilators
  16 red draconians
  10 yellow draconians
  7 dire elephants (Vaults:1)
  Snorg (Lair:3)
  9 spark wasps
  A bunyip (shapeshifter) (Depths:4)
  15 purple draconians
  7 ettins
  Azrael (D:13)
  3 eidola
  3 blizzard demons
  A crystal guardian (Vaults:1)
  6 statues (Depths:3)
  5 deep elf death magi
  4 deep elf high priests
  13 yaktaur captains
  5 merfolk impalers (Shoals:4)
  2 jiangshi (Crypt:3)
  6 fire dragons
  4 merfolk javelineers
  15 great orbs of eyes
  A peacekeeper (Vaults:2)
  The ghost of cowcol the Severer, a journeyman MiFi of Okawaru (D:11)
  32 vault guards
  2 rakshasas
  4 salamander tyrants (Depths:3)
  A spriggan zombie (Crypt:3)
  2 quicksilver dragon skeletons (Crypt:3)
  10 hydras
  10 boulder beetles
  6 centaur warriors
  A jorogumo (Spider:2)
  A catoblepas (D:13)
  7 ice dragons
  An alligator snapping turtle (Shoals:4)
  13 spriggan air magi
  Erica (Lair:2)
  2 merfolk aquamancers
  3 merfolk avatars
  10 two-headed ogres
  A death yak (shapeshifter) (D:14)
  7 radroaches
  5 ironbound frosthearts
  35 dancing weapons
  7 tengu warriors
  6 deep troll earth magi
  6 deep troll shamans
  2 ogre magi (Vaults:3)
  7 death yaks
  A death knight (D:13)
  4 hell hogs (Depths:4)
  A spriggan berserker (Depths:2)
  4 orc high priests (Orc:2)
  A titan zombie (Hell)
  4 shock serpents (Zot:1)
  20 hell knights
  A quicksilver ooze zombie (Crypt:1)
  2 vampire magi
  6 sun demons
  19 deep elf knights
  2 shadow wraiths (Crypt:2)
  22 skeletal warriors
  6 soul eaters
  7 pharaoh ants
  3 iron trolls
  87 deep trolls
  A sixfirhy (Zot:1)
  5 titan skeletons (Crypt:3)
  15 sea snakes
  A spriggan rider (Depths:1)
  3 glowing orange brains
  A golden dragon zombie (Crypt:1)
  A sun moth (Spider:4)
  2 deep trolls (shapeshifter)
  6 flayed ghosts
  11 orb spiders
  A shadow dragon zombie (Vaults:3)
  12 phantasmal warriors
  11 steelbarb worms
  21 deep elf zephyrmancers
  9 orc knights
  24 harpies
  16 deep elf archers
  9 lindwurms
  A sphinx zombie (Crypt:1)
  12 wizards
  A shadow dragon skeleton (Crypt:3)
  20 ironbound convokers
  15 necromancers
  34 deep elf pyromancers
  5 orc sorcerers (Orc:2)
  7 shining eyes
  2 anaconda skeletons (Crypt:3)
  33 ugly things
  10 fauns
  22 wolf spiders
  10 cyclopes
  16 manticores
  Maurice (D:8)
  38 moths of wrath
  3 elephants
  8 merfolk sirens
  3 black mambas
  3 rust devils
  A frost giant skeleton (Crypt:1)
  4 eyes of devastation
  2 centaur zombies (Crypt:3)
  A shock serpent skeleton (Crypt:3)
  17 vault sentinels
  4 water nymphs
  An ice statue (Lair:3)
  8 cane toads
  2 gargoyles (D:12)
  A dire elephant zombie (Hell)
  4 dire elephant skeletons
  2 centaur skeletons (Crypt:3)
  A white draconian zombie (Crypt:2)
  12 torpor snails
  5 freezing wraiths
  A hellion (Hell)
  A rime drake (Lair:3)
  3 kobold demonologists
  An efreet (D:15)
  2 unseen horrors
  2 alligator snapping turtle skeletons (Crypt:2)
  2 ice devils
  8 komodo dragons
  38 yaktaurs
  A tormentor (Zot:2)
  A purple draconian skeleton (Crypt:1)
  8 demonic crawlers
  A sea snake skeleton (Hell)
  14 trolls
  3 hellwings (Depths:2)
  5 tengu conjurers
  30 merfolk
  A red devil (Depths:2)
  12 polar bears
  8 harpy zombies
  A hydra zombie (Hell)
  11 hornets
  4 raiju (Zot:1)
  3 hydra skeletons
  3 tyrant leeches (Lair:5)
  7 wind drakes
  13 dream sheep
  26 tarantellas
  11 blink frogs (Lair:5)
  A harpy skeleton (Crypt:1)
  2 spectral guardian serpents (Crypt:1)
  A merfolk zombie (Crypt:1)
  5 snapping turtles
  137 slime creatures
  2 snapping turtles (shapeshifter)
  23 culicivoras
  23 jumping spiders
  4 large abominations (Elf:1)
  A black mamba zombie (Crypt:1)
  3 flying skulls
  4 wraiths
  2 spriggans
  An air elemental (Elf:2)
  An ice dragon skeleton (Crypt:2)
  2 vampires
  7 wyverns
  15 water elementals
  3 shadows
  A golden eye (shapeshifter) (D:12)
  Eustachio (D:4)
  10 humans (D:14)
  63 yaks
  A ynoxinul (Depths:2)
  8 fire elementals
  15 golden eyes
  2 human simulacra (Vaults:3)
  8 vampire mosquitoes
  2 steam dragons (D:6)
  7 basilisks
  11 wargs
  88 redbacks
  Menkaure (D:6)
  A swamp worm (shapeshifter) (Vaults:4)
  10 water moccasins
  2 naga zombies
  19 hell hounds
  Duvessa (D:7)
  An acid dragon (D:11)
  A deep troll skeleton (Crypt:3)
  4 naga skeletons
  2 floating eyes
  42 orc warriors
  6 ice beasts
  2 sky beasts
  A floating eye zombie (Crypt:3)
  13 black bears
  2 manticore zombies
  12 ogres
  22 wolves
  8 boggarts
  A boggart (shapeshifter) (Vaults:5)
  10 centaurs
  2 elf zombies (Elf:1)
  A kobold brigand (D:6)
  A fire crab zombie (Crypt:2)
  10 bullfrogs
  A rime drake skeleton (Crypt:2)
  A gnoll sergeant (D:12)
  A necrophage (Crypt:2)
  A yaktaur skeleton (Crypt:1)
  4 scorpions
  An elf skeleton (Crypt:1)
  21 wights
  Dowan (D:7)
  A wyvern skeleton (Crypt:2)
  A warg zombie (Crypt:3)
  8 killer bees
  3 howler monkeys (D:10)
  A yak skeleton (Crypt:2)
  2 hounds (D:6)
  29 orc priests
  A gnoll bouda (D:6)
  16 jellies
  Jessica (D:3)
  5 iguanas
  16 orc wizards
  4 hell rats (Depths:4)
  5 lightning spires (Zot:1)
  2 sky beast zombies (Crypt:1)
  2 ogre skeletons
  2 mummies
  12 gnolls
  11 adders
  7 white imps
  An ufetubus (D:5)
  3 worms
  3 dart slugs
  110 orcs
  A bat zombie (Shoals:4)
  6 endoplasms
  7 giant cockroaches
  7 goblins
  9 hobgoblins
  8 jackals
  5 kobolds
  A quokka (D:2)
  7 ball pythons
  5 bats
  8 frilled lizards
  A frilled lizard skeleton (Crypt:3)
  5 rats
  A ball lightning (Zot:1)
2623 creatures vanquished.

Vanquished Creatures (collateral kills)
  2 titans
  Frances (Shoals:1)
  A vault warden (Vaults:2)
  A spriggan defender (Depths:1)
  A merfolk impaler (Shoals:4)
  A vault guard (Vaults:5)
  A merfolk avatar (Shoals:1)
  2 hell knights (Depths:1)
  2 spriggans (Depths:1)
  A fire crab (Shoals:1)
  2 sea snakes (Shoals:1)
  2 deep trolls
  An ironbound convoker (Vaults:2)
  3 harpies (Vaults:2)
  2 fauns (Shoals:1)
  A manticore (Shoals:1)
  A merfolk siren (Shoals:1)
  4 elephants (Lair:2)
  A vault sentinel (Vaults:2)
  A yaktaur (Vaults:2)
  2 merfolk
  A hornet (Depths:1)
  A wind drake (Lair:2)
  A snapping turtle (Shoals:4)
  3 fire bats (Shoals:1)
  A bullfrog (Lair:2)
40 creatures vanquished.

Vanquished Creatures (others)
  A fire giant (Depths:2)
  An ironbound preserver (Vaults:4)
  A spriggan air mage (Depths:1)
  A vault guard (D:14)
  A wizard (D:10)
  A deep elf zephyrmancer (Elf:2)
  A raiju (Zot:1)
  2 spriggans (Depths:1)
  An orc wizard (D:7)
  An orc (Orc:2)
  4 ball lightnings (Zot:1)
  4 bushes
  18 fungi
  119 plants
  2 withered plants (D:1)
158 creatures vanquished.

Grand Total: 2821 creatures vanquished

Notes
Turn   | Place    | Note
-------+----------+-------------------------------------------
     0 | D:1      | grumposus the Minotaur Berserker began the quest for the
                  | Orb.
     0 | D:1      | Reached XP level 1. HP: 19/19 MP: 0/0
   141 | D:1      | Reached XP level 2. HP: 25/27 MP: 1/1
   170 | D:1      | Found a faded altar of an unknown god.
   427 | D:1      | Reached ** piety under Trog
   604 | D:1      | Reached XP level 3. HP: 33/33 MP: 2/2
   906 | D:1      | Reached skill level 3 in Armour
  1229 | D:1      | Identified a scroll of acquirement
  1229 | D:1      | Acquired the +8 plate armour of Yesterday {Int+3}
  1358 | D:2      | You fall into a shaft and drop 1 floor!
  1530 | D:3      | Found a snail-covered altar of Cheibriados.
  1596 | D:3      | Reached XP level 4. HP: 40/40 MP: 3/3
  1745 | D:3      | Noticed Jessica
  1751 | D:3      | Killed Jessica
  2133 | D:3      | Reached skill level 5 in Maces & Flails
  3072 | D:3      | Noticed an ice beast
  3089 | D:3      | Killed an ice beast
  3090 | D:3      | Reached skill level 1 in Shields
  3090 | D:3      | Reached XP level 5. HP: 47/47 MP: 4/4
  3098 | D:3      | Reached *** piety under Trog
  3244 | D:4      | Found a staircase to the Ecumenical Temple.
  3320 | D:4      | Reached XP level 6. HP: 55/55 MP: 5/5
  3341 | D:4      | Reached skill level 4 in Armour
  3491 | D:4      | Noticed Eustachio
  3509 | D:4      | Killed Eustachio
  3510 | D:4      | Reached skill level 5 in Fighting
  3589 | D:4      | Reached XP level 7. HP: 59/61 MP: 6/6
  4124 | D:5      | Entered Level 5 of the Dungeon
  4675 | D:5      | Reached skill level 5 in Armour
  5023 | D:6      | Reached XP level 8. HP: 67/70 MP: 7/7
  5198 | D:6      | Reached **** piety under Trog
  5208 | D:6      | Noticed Menkaure
  5219 | D:6      | Reached skill level 5 in Dodging
  5477 | D:6      | Killed Menkaure
  6117 | D:6      | Reached skill level 6 in Armour
  6410 | D:6      | Reached XP level 9. HP: 33/78 MP: 8/8
  6608 | D:6      | Found an iron altar of Okawaru.
  6608 | D:6      | Found an opulent altar of Gozag.
  6608 | D:6      | Found a broken altar of Ashenzari.
  6609 | D:6      | Found a radiant altar of Vehumet.
  6609 | D:6      | Found a basalt altar of Yredelemnul.
  6609 | D:6      | Found a bloodstained altar of Trog.
  6609 | D:6      | Found a white marble altar of Elyvilon.
  6826 | D:7      | Reached skill level 5 in Shields
  6958 | D:7      | Noticed Duvessa
  6962 | D:7      | Noticed Dowan
  6970 | D:7      | Killed Duvessa
  6975 | D:7      | Killed Dowan
  7091 | D:7      | Found Jiginaan's Weapon Boutique.
  7273 | D:7      | Reached skill level 10 in Maces & Flails
  7462 | D:7      | Reached skill level 7 in Armour
  8199 | D:8      | Noticed Maurice
  8216 | D:8      | Killed Maurice
  8217 | D:8      | Reached XP level 10. HP: 80/88 MP: 9/9
  8746 | D:8      | Noticed a two-headed ogre
  8752 | D:8      | Killed a two-headed ogre
  8762 | D:8      | Noticed a four-headed hydra
  8769 | D:8      | Killed a four-headed hydra
  8770 | D:8      | Reached skill level 8 in Armour
  9511 | D:9      | Reached ***** piety under Trog
  9536 | D:9      | Identified the +1 leather armour of the Cockroach {rC-
                  | Dex+4}
 10012 | D:10     | Entered Level 10 of the Dungeon
 10411 | D:10     | Reached XP level 11. HP: 97/97 MP: 10/10
 10597 | D:10     | Reached skill level 9 in Armour
 10764 | D:10     | Found a staircase to the Lair.
 10958 | D:10     | Noticed a wizard
 10968 | D:10     | Killed a wizard
 11197 | Lair:1   | Entered Level 1 of the Lair of Beasts
 11201 | Lair:1   | Noticed a death yak
 11206 | Lair:1   | Noticed a death yak
 11207 | Lair:1   | Noticed a death yak
 11221 | D:10     | Killed a death yak
 11253 | Lair:1   | Killed a death yak
 11259 | Lair:1   | Killed a death yak
 11348 | Lair:1   | Reached skill level 10 in Fighting
 12061 | Lair:1   | Found a radiant altar of Vehumet.
 12180 | Lair:1   | Reached skill level 10 in Armour
 12180 | Lair:1   | Reached XP level 12. HP: 107/107 MP: 11/11
 12206 | Lair:1   | You fall into a shaft and drop 1 floor!
 12235 | Lair:2   | Received a gift from Trog
 13151 | Lair:2   | Noticed a five-headed hydra
 13164 | Lair:2   | Killed a five-headed hydra
 13181 | Lair:2   | Reached skill level 15 in Maces & Flails
 13185 | Lair:2   | Reached skill level 10 in Shields
 13545 | Lair:2   | Noticed Erica
 13557 | Lair:2   | Killed Erica
 13647 | Lair:2   | Reached skill level 10 in Dodging
 13761 | Lair:2   | Found a staircase to the Shoals.
 14114 | Lair:3   | Reached skill level 11 in Armour
 14590 | Lair:3   | Noticed Snorg
 14602 | Lair:3   | Killed Snorg
 14767 | Lair:3   | Found a hole to the Spider Nest.
 15010 | Lair:3   | Noticed Gastronok
 15010 | Lair:3   | Found the +3 greatsling "Punk" {acid, rCorr}
 15066 | Lair:3   | Killed Gastronok
 15067 | Lair:3   | Reached XP level 13. HP: 100/116 MP: 12/12
 15722 | Lair:4   | Identified the +1 chain mail "Erokimy" {rElec rF++ Str-3
                  | Dex+2}
 16392 | Lair:5   | Entered Level 5 of the Lair of Beasts
 16810 | Lair:5   | Found a sparkling altar of Nemelex Xobeh.
 16824 | Lair:5   | Found a viscous altar of Jiyva.
 16824 | Lair:5   | Found a staircase to the Slime Pits.
 17300 | Lair:5   | Reached skill level 12 in Armour
 17778 | Lair:5   | Reached ****** piety under Trog
 18119 | Lair:5   | Reached XP level 14. HP: 122/127 MP: 13/13
 18201 | Lair:5   | Received a gift from Trog
 18376 | Lair:5   | Found a runed translucent door.
 19221 | D:11     | Found a staircase to the Orcish Mines.
 19391 | D:11     | Found a runed translucent gate.
 19394 | D:11     | Noticed cowcol's ghost (journeyman MiFi)
 19548 | D:11     | Found a runed translucent gate.
 19548 | D:11     | Found a runed translucent gate.
 19842 | Orc:1    | Entered Level 1 of the Orcish Mines
 19964 | Orc:2    | Entered Level 2 of the Orcish Mines
 20504 | Orc:1    | Received a gift from Trog
 21008 | Orc:2    | Reached skill level 13 in Armour
 21051 | Orc:2    | Reached skill level 1 in Stealth
 21055 | Orc:2    | Reached skill level 1 in Evocations
 21110 | Orc:2    | Found a staircase to the Elven Halls.
 21154 | Orc:2    | Gained mutation: You occasionally lose the ability to read
                  | scrolls when taking damage. [a neqoxec]
 21732 | Orc:2    | Noticed an orc warlord
 21762 | Orc:2    | Killed an orc warlord
 21827 | Orc:2    | Found Egyumoz's Antique Weapon Shop.
 21946 | Orc:2    | Found Cydanog's Weapon Shoppe.
 22436 | Orc:2    | Received a gift from Trog
 22609 | Orc:2    | Found Hyicvis's Antique Weapon Emporium.
 22609 | Orc:2    | Noticed an orc warlord
 22628 | Orc:2    | Killed an orc warlord
 22748 | Orc:2    | Found Qineyhon's Antique Weapon Shoppe.
 22771 | Orc:2    | Noticed an orc warlord
 22781 | Orc:2    | Killed an orc warlord
 23040 | D:11     | Lost mutation: You occasionally lose the ability to read
                  | scrolls when taking damage. [potion of mutation]
 23040 | D:11     | Gained mutation: Your muscles are strong. (Str +4, Int/Dex
                  | -1) [potion of mutation]
 23040 | D:11     | Gained mutation: You occasionally lose the ability to drink
                  | potions when taking damage. [potion of mutation]
 23040 | D:11     | Lost mutation: Your muscles are strong. (Str +4, Int/Dex
                  | -1) [potion of mutation]
 23041 | D:11     | Lost mutation: You occasionally lose the ability to drink
                  | potions when taking damage. [potion of mutation]
 23041 | D:11     | Gained mutation: Your mind is acute. (Int +4, Str/Dex -1)
                  | [potion of mutation]
 23041 | D:11     | Gained mutation: You have a pair of large horns on your
                  | head. [potion of mutation]
 23041 | D:11     | Lost mutation: Your mind is acute. (Int +4, Str/Dex -1)
                  | [potion of mutation]
 23041 | D:11     | Gained mutation: You are robust. (+10% HP) [potion of
                  | mutation]
 23115 | D:11     | Killed cowcol's ghost
 23125 | D:11     | Reached XP level 15. HP: 150/150 MP: 14/14
 23456 | D:12     | Noticed Rupert
 23467 | D:12     | Killed Rupert
 23534 | D:12     | Identified the +3 spear "Butovisk" {speed, rPois}
 23856 | D:12     | Received a gift from Trog
 24089 | D:12     | Found a portal to a secret trove of treasure.
 24510 | D:13     | Reached skill level 14 in Armour
 25292 | D:13     | Noticed Azrael
 25304 | D:13     | Killed Azrael
 26411 | D:14     | Found a stormy altar of Qazlal.
 26467 | D:14     | Reached skill level 5 in Evocations
 26720 | D:14     | Reached skill level 5 in Stealth
 26908 | D:14     | Received a gift from Trog
 26943 | D:14     | Found a gate to the Vaults.
 26996 | D:15     | Entered Level 15 of the Dungeon
 27208 | D:15     | Reached XP level 16. HP: 161/161 MP: 15/15
 27475 | D:15     | Identified the +7 dagger "Death Rattle" {drain, rN++ Int+5
                  | Dex-5}
 27710 | D:15     | Found a staircase to the Depths.
 27927 | Shoals:1 | Entered Level 1 of the Shoals
 27953 | Shoals:1 | Reached skill level 15 in Fighting
 28123 | Shoals:1 | Noticed Frances
 28139 | Shoals:1 | Killed Frances
 28139 | Shoals:1 | Received a gift from Trog
 28313 | Shoals:1 | Found Lenyi's Book Shop.
 28531 | Shoals:1 | Found the +3 crown of Dyrovepreva {rElec Int+2 SInv}
 28961 | Shoals:2 | Reached skill level 15 in Armour
 29550 | Shoals:2 | Found a large runed translucent door.
 29551 | Shoals:2 | Found a large runed translucent door.
 29563 | Shoals:2 | Noticed arthad's ghost (adept VSFi)
 29563 | Shoals:2 | Found the +7 mace of Variability {chain chaos}
 29945 | Shoals:2 | Killed arthad's ghost
 30235 | Shoals:3 | Found Umnestrent's One-of-a-Kind Rings.
 30338 | Shoals:3 | Bought a +8 ring of dexterity for 990 gold pieces
 30583 | Shoals:3 | Identified the +2 ring mail of the Land of Plenty {Rampage
                  | Will+}
 30884 | Shoals:3 | Received a gift from Trog
 30890 | Shoals:3 | Reached skill level 15 in Shields
 30911 | Shoals:3 | Identified the +6 shortbow "Wekeidgh" {flame, rElec Dex+3
                  | Stlth-}
 30916 | Shoals:4 | Entered Level 4 of the Shoals
 31207 | Shoals:4 | Reached skill level 1 in Throwing
 31239 | Shoals:4 | Reached XP level 17. HP: 158/173 MP: 16/16
 32051 | Shoals:4 | Got a barnacled rune of Zot
 32368 | Shoals:4 | Reached skill level 16 in Armour
 32544 | Spider:1 | Entered Level 1 of the Spider Nest
 32752 | D:12     | You paid a toll of a +6 demon trident to enter a treasure
                  | trove
 32753 | Trove    | Entered a treasure trove
 32764 | Trove    | Identified the +0 leather armour "Murei" {rElec rPois}
 32768 | Trove    | Identified the +5 kite shield of Orias {+Inv}
 32773 | Trove    | Identified the +14 shadow dragon scales of Avunn {Contam
                  | +Inv MP+9 Str+8 Stlth++++}
 32776 | Trove    | Identified the +1 pair of gloves "Niquon" {rElec Dex+6
                  | Stlth+}
 33420 | Spider:1 | Received a gift from Trog
 33627 | Spider:1 | Noticed Louise
 33650 | Spider:1 | Killed Louise
 33666 | Spider:1 | Reached skill level 15 in Dodging
 35129 | Spider:2 | Identified the +9 flail "Wukloh" {flame, Fly SInv Stlth+}
                  | (Trog gifted it to you on level 2 of the Spider Nest)
 35129 | Spider:2 | Received a gift from Trog
 35389 | Spider:2 | Reached skill level 5 in Throwing
 35764 | Spider:3 | Reached XP level 18. HP: 184/184 MP: 17/17
 35780 | Spider:3 | Noticed Nikola
 35797 | Spider:3 | Killed Nikola
 36323 | Spider:4 | Entered Level 4 of the Spider Nest
 36574 | Spider:4 | Received a gift from Trog
 36884 | Spider:4 | Reached skill level 17 in Armour
 37878 | Spider:4 | Got a gossamer rune of Zot
 38526 | Vaults:1 | Entered Level 1 of the Vaults
 38700 | Vaults:1 | Received a gift from Trog
 38865 | Vaults:1 | Reached XP level 19. HP: 195/195 MP: 18/18
 38908 | Vaults:1 | Found a huge runed gate.
 38908 | Vaults:1 | Found a huge runed gate.
 38908 | Vaults:1 | Found a huge runed gate.
 38908 | Vaults:1 | Found a huge runed gate.
 38908 | Vaults:1 | Found a huge runed gate.
 38908 | Vaults:1 | Found a huge runed gate.
 38908 | Vaults:1 | Found a huge runed gate.
 38909 | Vaults:1 | Found a huge runed gate.
 38909 | Vaults:1 | Found a huge runed gate.
 38909 | Vaults:1 | Found a huge runed gate.
 38928 | Vaults:1 | Found a huge runed gate.
 38928 | Vaults:1 | Found a huge runed gate.
 38928 | Vaults:1 | Found a huge runed gate.
 38928 | Vaults:1 | Found a huge runed gate.
 38928 | Vaults:1 | Found a huge runed gate.
 38928 | Vaults:1 | Found a huge runed gate.
 38929 | Vaults:1 | Found a huge runed gate.
 38930 | Vaults:1 | Found a huge runed gate.
 38931 | Vaults:1 | Found a huge runed gate.
 38939 | Vaults:1 | Found a huge runed gate.
 38939 | Vaults:1 | Found a huge runed gate.
 38939 | Vaults:1 | Found a huge runed gate.
 38939 | Vaults:1 | Found a huge runed gate.
 38939 | Vaults:1 | Found a huge runed gate.
 38939 | Vaults:1 | Found a huge runed gate.
 38940 | Vaults:1 | Found a huge runed gate.
 38941 | Vaults:1 | Found a huge runed gate.
 38942 | Vaults:1 | Found a huge runed gate.
 39274 | Vaults:1 | Reached skill level 10 in Stealth
 39564 | Vaults:1 | Reached skill level 10 in Evocations
 39584 | Vaults:1 | Identified the +10 flail "Sifoic" {flame, Stlth+} (Trog
                  | gifted it to you on level 1 of the Vaults)
 39584 | Vaults:1 | Received a gift from Trog
 39684 | Vaults:1 | Found Neymasing's Assorted Antiques.
 39886 | Vaults:1 | Found a huge runed gate.
 39886 | Vaults:1 | Found a huge runed gate.
 39886 | Vaults:1 | Found a huge runed gate.
 39886 | Vaults:1 | Found a huge runed gate.
 39886 | Vaults:1 | Found a huge runed gate.
 39886 | Vaults:1 | Found a huge runed gate.
 39887 | Vaults:1 | Found a huge runed gate.
 39915 | Vaults:1 | Found a huge runed gate.
 40079 | Vaults:2 | Reached skill level 18 in Armour
 40443 | Vaults:2 | Noticed Boris
 40475 | Vaults:2 | Killed Boris
 40562 | Vaults:2 | Received a gift from Trog
 41038 | Vaults:2 | Reached XP level 20. HP: 203/207 MP: 19/19
 41052 | Vaults:2 | Received a gift from Trog
 42039 | Vaults:3 | Found Efomuag's Jewellery Emporium.
 42064 | Vaults:3 | Noticed Margery
 42129 | Vaults:3 | Killed Margery
 42388 | Vaults:3 | Received a gift from Trog
 42690 | Vaults:3 | Paralysed by a sphinx for 5 turns
 43108 | Vaults:3 | Reached skill level 19 in Armour
 43133 | Vaults:3 | Reached skill level 10 in Throwing
 43315 | Vaults:3 | Noticed a bone dragon
 43330 | Vaults:3 | Killed a bone dragon
 43350 | Vaults:3 | Found a staircase to the Crypt.
 43398 | Vaults:3 | Found Ylym's General Store.
 43557 | Vaults:3 | Found Lehe's Book Shoppe.
 43595 | Vaults:3 | Acquired a manual of Evocations
 43692 | Vaults:4 | Received a gift from Trog
 43994 | Vaults:4 | Reached XP level 21. HP: 218/218 MP: 20/20
 44387 | Vaults:4 | Received a gift from Trog
 44544 | Vaults:4 | Found Vocrys's Weapon Boutique.
 45404 | Depths:1 | Entered Level 1 of the Depths
 45499 | Depths:1 | Found a one-way gateway to a ziggurat.
 45501 | Depths:1 | Paralysed by a floating eye for 2 turns
 45507 | Depths:1 | Paralysed by a floating eye for 4 turns
 45618 | Depths:1 | Received a gift from Trog
 46045 | Depths:1 | Found a hazy altar of Hepliaklqana.
 46170 | Depths:1 | Noticed the Enchantress
 46181 | Depths:1 | Killed the Enchantress
 46187 | Depths:1 | Reached skill level 20 in Armour
 46327 | Depths:1 | Found a gateway to Hell.
 46729 | Depths:2 | Received a gift from Trog
 47203 | Depths:2 | Reached XP level 22. HP: 195/232 MP: 21/21
 47243 | Depths:2 | Found a sacrificial altar of Ru.
 47409 | Depths:2 | Found a one-way gate leading to the halls of Pandemonium.
 47877 | Depths:3 | Received a gift from Trog
 48138 | Depths:3 | Noticed Mara
 48172 | Depths:3 | Killed Mara
 48359 | Depths:3 | Found a one-way gate to the infinite horrors of the Abyss.
 48359 | Depths:3 | You fall into a shaft and drop 1 floor!
 48359 | Depths:4 | Entered Level 4 of the Depths
 48599 | Depths:4 | Found Eneosag's Assorted Antiques.
 48602 | Depths:4 | Found Qeosiob's Distillery.
 48602 | Depths:4 | Found Goreps's Antique Armour Shop.
 48607 | Depths:4 | Bought a scroll of enchant armour for 240 gold pieces
 48608 | Depths:4 | Found Viutsegh's Antique Weapon Boutique.
 48611 | Depths:4 | Bought a potion of heal wounds for 120 gold pieces
 48611 | Depths:4 | Bought a potion of mutation for 192 gold pieces
 48644 | Depths:4 | Noticed a juggernaut
 48695 | Depths:4 | Found Fulawnai's Antique Weapon Boutique.
 49464 | Depths:3 | Reached skill level 15 in Evocations
 49471 | Depths:3 | Found a radiant altar of Vehumet.
 49471 | Depths:3 | Noticed Boris
 49486 | Depths:3 | Killed Boris
 49613 | Depths:3 | Identified the +5 war axe of the Wasp {vorpal, Drain rElec
                  | SInv}
 49813 | Depths:3 | Received a gift from Trog
 50439 | Depths:4 | Reached skill level 21 in Armour
 50745 | Depths:4 | Noticed a golden dragon
 50749 | Depths:4 | Found a gate to the Realm of Zot.
 50753 | Depths:4 | Killed a golden dragon
 50860 | Depths:4 | Found a broken altar of Ashenzari.
 51745 | Elf:1    | Entered Level 1 of the Elven Halls
 51858 | Elf:1    | You fall into a shaft and drop 1 floor!
 51858 | Elf:2    | Found a runed translucent gate.
 51858 | Elf:2    | Found a runed translucent gate.
 51858 | Elf:2    | Found a runed translucent gate.
 51866 | Elf:2    | Received a gift from Trog
 52089 | Elf:1    | Reached XP level 23. HP: 239/243 MP: 22/22
 52317 | Elf:1    | Identified the +2 robe of Xaproxt {Harm Str-4 Slay+3}
 52682 | Elf:2    | Received a gift from Trog
 52805 | Elf:2    | Found Gozup's Assorted Antiques.
 52814 | Elf:2    | Bought a scroll of acquirement for 1248 gold pieces
 52814 | Elf:2    | Bought a scroll of enchant armour for 180 gold pieces
 52818 | Elf:2    | Acquired the ring "Gouwaim" {+Blink rC+ MP+9 Slay+2}
 52928 | Elf:2    | Found Qaodugoe's Distillery.
 52948 | Elf:2    | Bought a potion of haste for 180 gold pieces
 52948 | Elf:2    | Bought a potion of heal wounds for 90 gold pieces
 52948 | Elf:2    | Bought a potion of might for 72 gold pieces
 52988 | Elf:2    | Found Bypsiefo's Book Shoppe.
 53234 | Elf:2    | Found Nusal's Armour Boutique.
 53775 | Elf:2    | Received a gift from Trog
 54015 | Elf:3    | Entered Level 3 of the Elven Halls
 54028 | Elf:3    | Found a transporter.
 54029 | Elf:3    | Found a transporter.
 54092 | Elf:3    | Found a transporter.
 54093 | Elf:3    | Found a transporter.
 54141 | Elf:3    | Found Vaciuca's Book Boutique.
 54160 | Elf:3    | Bought a manual of Maces & Flails for 880 gold pieces
 54386 | Elf:3    | Found a transporter.
 54387 | Elf:3    | Found a transporter.
 54415 | Elf:3    | Acquired a manual of Stealth
 54878 | Elf:3    | Received a gift from Trog
 54903 | Elf:3    | Reached skill level 22 in Armour
 55232 | Elf:3    | Identified the +8 sling of the Mushroom {venom, Fly}
 55853 | Vaults:5 | Entered Level 5 of the Vaults
 55930 | Vaults:5 | Noticed an ancient lich
 55935 | Vaults:5 | Received a gift from Trog
 55935 | Vaults:5 | Noticed an ancient lich
 56011 | Vaults:4 | Killed an ancient lich
 56090 | Vaults:4 | Killed an ancient lich
 56170 | Vaults:5 | Reached XP level 24. HP: 76/256 MP: 22/22
 56385 | Vaults:4 | Received a gift from Trog
 56454 | Vaults:4 | Reached skill level 15 in Throwing
 56872 | Vaults:5 | Got a silver rune of Zot
 56894 | Vaults:5 | Noticed a dread lich
 56894 | Vaults:5 | Identified the +2 scimitar "Ukkafej" {venom, +Blink}
 56901 | Vaults:5 | Paralysed by a dread lich for 4 turns
 56906 | Vaults:5 | Killed a dread lich
 57138 | Vaults:5 | Received a gift from Trog
 57166 | Vaults:5 | Identified the +4 falchion of Dominance {venom, *Noise
                  | +Blink rCorr}
 57170 | Vaults:5 | Paralysed by a sphinx for 2 turns
 58392 | Zot:1    | Entered Level 1 of the Realm of Zot
 58547 | Zot:1    | Reached skill level 23 in Armour
 59221 | Slime:1  | Entered Level 1 of the Pits of Slime
 59295 | Slime:1  | Received a gift from Trog
 60470 | Slime:3  | Received a gift from Trog
 61830 | Slime:5  | Entered Level 5 of the Pits of Slime
 62042 | Slime:5  | Lost mutation: You are robust. (+10% HP) [a shining eye]
 62044 | Slime:5  | Gained mutation: You are clumsy. (Dex -2) [a shining eye]
 62076 | Slime:5  | Gained mutation: Your body sometimes deteriorates upon
                  | taking damage. [a shining eye]
 62078 | Slime:5  | Reached XP level 25. HP: 244/244 MP: 22/22
 62083 | Slime:5  | Noticed the Royal Jelly
 62259 | Slime:4  | Lost mutation: You are clumsy. (Dex -2) [potion of
                  | mutation]
 62259 | Slime:4  | Lost mutation: Your body sometimes deteriorates upon taking
                  | damage. [potion of mutation]
 62259 | Slime:4  | Lost mutation: You have a pair of large horns on your head.
                  | [potion of mutation]
 62259 | Slime:4  | Gained mutation: Your mind is acute. (Int +4, Str/Dex -1)
                  | [potion of mutation]
 62259 | Slime:4  | Gained mutation: Your body sometimes deteriorates upon
                  | taking damage. [potion of mutation]
 62260 | Slime:4  | Lost mutation: Your body sometimes deteriorates upon taking
                  | damage. [potion of mutation]
 62260 | Slime:4  | Lost mutation: Your mind is acute. (Int +4, Str/Dex -1)
                  | [potion of mutation]
 62260 | Slime:4  | Gained mutation: Your magical capacity is low. (-10% MP)
                  | [potion of mutation]
 62723 | Slime:5  | Found a viscous altar of Jiyva.
 62775 | Slime:5  | Killed the Royal Jelly
 62926 | Slime:5  | Got a slimy rune of Zot
 62927 | Slime:5  | Identified the +1 leather armour of Eqel {Harm Str+5 Dex-3}
 62971 | Slime:5  | Identified the +7 falchion of Innocence {flame, +Blink
                  | Int+4}
 63032 | Slime:5  | Identified the +12 longbow of Jyowk {venom, rN+}
 63675 | Crypt:1  | Entered Level 1 of the Crypt
 64035 | Crypt:1  | Identified the +0 tower shield of Amelioration {rElec
                  | Str+4}
 64035 | Crypt:1  | Noticed Mennas
 64057 | Crypt:1  | Killed Mennas
 64128 | Crypt:1  | Noticed Zenata
 64137 | Crypt:1  | Killed Zenata
 64206 | Crypt:1  | Received a gift from Trog
 65073 | Crypt:3  | Entered Level 3 of the Crypt
 65119 | Crypt:3  | Noticed a royal mummy
 65156 | Crypt:3  | Noticed Khufu
 65336 | Crypt:2  | Killed Khufu
 65635 | Crypt:3  | Killed a royal mummy
 65825 | Crypt:3  | Reached skill level 24 in Armour
 65942 | Crypt:3  | Found a staircase to the Tomb.
 65992 | Crypt:3  | Received a gift from Trog
 66308 | Crypt:3  | Found the +13 scythe of Curses {drain, Drain}
 66308 | Crypt:3  | Noticed an ancient lich
 66312 | Crypt:3  | Killed an ancient lich
 66327 | Crypt:3  | Identified the ring of Jiegetei {rF- Will+ rCorr Int+5
                  | Dex+4}
 66331 | Crypt:3  | Identified the amulet "Womur" {Regen+ Str+4}
 66467 | Crypt:3  | Identified the +1 leather armour of Araruesmatt {rN++ Str+3
                  | Dex+6}
 66934 | Crypt:3  | Noticed Frederick
 66946 | Crypt:3  | Killed Frederick
 68436 | Zot:1    | Reached XP level 26. HP: 227/254 MP: 19/19
 69005 | Zot:1    | Received a gift from Trog
 70167 | Zot:2    | Reached skill level 25 in Armour
 70434 | Zot:2    | Reached skill level 15 in Stealth
 72247 | Zot:3    | Noticed Grunn
 72266 | Zot:3    | Killed Grunn
 73243 | Zot:5    | Entered Level 5 of the Realm of Zot
 73851 | Zot:5    | Received a gift from Trog
 74205 | Zot:5    | Noticed an ancient lich
 74221 | Zot:5    | Killed an ancient lich
 74293 | Zot:5    | Reached XP level 27. HP: 234/261 MP: 19/19
 74372 | Zot:5    | Noticed an orb of fire
 74374 | Zot:5    | Noticed an orb of fire
 74375 | Zot:5    | Noticed an ancient lich
 74379 | Zot:5    | Killed an orb of fire
 74380 | Zot:5    | Reached skill level 26 in Armour
 74380 | Zot:5    | Noticed an orb of fire
 74385 | Zot:5    | Noticed an ancient lich
 74391 | Zot:5    | Killed an orb of fire
 74403 | Zot:5    | Gained mutation: You are resistant to electric shocks.
                  | (rElec) [an orb of fire]
 74405 | Zot:5    | Killed an orb of fire
 74418 | Zot:5    | Killed an ancient lich
 74426 | Zot:5    | Killed an ancient lich
 74742 | Zot:5    | Noticed an ancient lich
 74761 | Zot:5    | Killed an ancient lich
 74801 | Zot:5    | Noticed an orb of fire
 74815 | Zot:5    | Killed an orb of fire
 74895 | Zot:5    | Lost intelligence.
 75259 | Hell     | Entered the Vestibule of Hell
 75259 | Hell     | Noticed Geryon
 75729 | Hell     | Killed Geryon
 75784 | Hell     | Found a gateway to the decaying netherworld of Tartarus.
 75801 | Hell     | HP: 11/261 [???[a doom hound] (9)]
 75801 | Hell     | Slain by a bone dragon

Illustrated notes

Levels and vault maps discovered:
D:1:      psy_arrival_radial02, layout_loops_ring,
          ebering_ecumenical_altar_petrified, dreamdust_princess_corridor
D:2:      layout_loops_ring
D:3:      layout_basic, lemuel_crystal_altar, uniq_jessica
D:4:      minmay_general_purpose_star, layout_basic, lemuel_temple_firewalk_a,
          minmay_crossroads, uniq_eustachio
D:5:      layout_loops_corners, kennysheep_generic_room_2
D:6:      minmay_skewed_foursquare, layout_basic, grunt_temple_overflow_open,
          corner_web_ring, bh_walls_and_bars, uniq_menkaure
D:7:      layout_cave_pools, serial_shops, shop_statue, uniq_duvessa
D:8:      layout_loops_ring, grunt_decor_junction, minmay_three_doors,
          uniq_maurice
D:9:      layout_basic
D:10:     layout_cave_pools, minmay_lair_entry_grove, serial_glass,
          glass_columns_b, glass_columns_c
D:11:     layout_roguey, david_orc_3, gammafunk_ghost_split
D:12:     layout_basic, nicolae_trove_entry_crystal,
          minmay_the_grid_square_5x5_3x3_mashed
          [minmay_the_grid_square_5x5_minimal,
          minmay_the_grid_square_5x5_n_small,
          minmay_the_grid_square_5x5_detours,
          minmay_the_grid_square_5x5_three_small,
          minmay_the_grid_square_5x5_megaprize_crossed,
          minmay_the_grid_square_5x5_hourglass,
          minmay_the_grid_square_5x5_eight_small,
          minmay_the_grid_square_5x5_checkered_statues,
          minmay_the_grid_square_5x5_three], uniq_rupert
D:13:     layout_grid_maze, uniq_azrael
D:14:     cheibrodos_fzero, layout_cave_pods, ximxim_vaults_locker_room,
          grunt_qazlal_clouds
D:15:     grunt_enter_depths_snipers, layout_loops_ring, hex_tiny
Lair:1:   wad_woods_stonehenge, layout_long_grid
Lair:2:   layout_chaotic_city, minmay_shoals_entry_beasts,
          chequers_serial_rivers_room_a, uniq_erica
Lair:3:   layout_chaotic_city, nicolae_spider_entry_tight_spaces, ice2_lemuel,
          uniq_snorg, uniq_gastronok
Lair:4:   layout_regular_city
Lair:5:   hangedman_lair_caniforms_friends, layout_cave_shapes, wormcave,
          nicolae_slime_entry_slimehenge, basic_altar, minmay_hedge_maze,
          nicolae_lair_lil_pond
Shoals:1: layout_shoals, serial_shops, shop, hangedman_shoal_volcano,
          uniq_frances
Shoals:2: layout_shoals, ebering_ghost_disaster_area
Shoals:3: layout_shoals, nicolae_shop_unique_rings
Shoals:4: shoals_end_grunt_ice, layout_shoals, nicolae_shoals_undead_eyrie
Spider:1: layout_spider_delve, uniq_louise
Spider:2: layout_cave_pods, nicolae_spider_cling_halls
Spider:3: layout_spider_delve, guppyfry_hornet_nest, uniq_nikola
Spider:4: grunt_spider_rune_circles, hellmonk_test_site
Slime:1:  layout_caves
Slime:2:  layout_caves
Slime:3:  layout_caves
Slime:4:  nicolae_slime_jelly_donut, layout_caves
Slime:5
Orc:1:    layout_diamond_mine
Orc:2:    pubby_orc_utopia
Elf:1:    nicolae_elf_arrival_fired_up, layout_loops_ring,
          minmay_elf_necromancy, grunt_ministairs_6
Elf:2:    nicolae_elf_blades_crystal_corner, layout_onion_city, serial_shops,
          shop, shop, shop, nicolae_shop_trees, lemuel_flame_loot_1
Elf:3:    minmay_elf_hall, layout_geoelf_octagon, serial_shops,
          nicolae_shop_hallway_plus, serial_nicolae_subway,
          nicolae_sub_station_crystal, nicolae_sub_station_stone,
          nicolae_sub_station_metal
Vaults:1: grunt_vaults_hallway_short, vaults_mumra_chevron_long,
          hangedman_vaults_nails, nicolae_vaults_back_hallway,
          not_door_vault_due, nicolae_vaults_network_barrier,
          nicolae_vaults_network_star, vaults_room_door_ring, v_misc_17,
          vaults_room_corners, vaults_dpeg_ring, vaults_room_stairs_pillars,
          v_rooms_1, layout_vaults_maze_snakey, serial_shops, shop
Vaults:2: vaults_dpeg_doors, v_alt_pattern_1, nicolae_vaults_circle_grid_b,
          nicolae_vaults_ring_of_whatevers, grunt_vaults_bifocal,
          vaults_mumra_hexcomb, nicolae_vaults_halls_meeting, v_misc_30,
          hangedman_vaults_maws, vaults_standard_mumra_lines,
          nicolae_vaults_puzzle_piece, v_misc_15, vaults_room_grid,
          vaults_dpeg_emergency_exit, layout_vaults_omnibox, uniq_boris
Vaults:3: nicolae_vaults_little_squares_6, minmay_crypt_entry_nasty_monster,
          v_misc_28, ontoclasm_vaults_twist, nicolae_vaults_inception_corners,
          st_star, hangedman_vaults_river_flow, vaults_room_stairs_pillars,
          vaults_mumra_minichess, v_misc_22, vaults_room_corners,
          layout_vaults_omnicross, serial_shops, nicolae_square_shop, shop,
          nicolae_shop_window_shopping, uniq_margery
Vaults:4: nicolae_vaults_diagonal_hallway_8, v_misc_5, hangedman_vaults_cutoff,
          vaults_mumra_minichess_inversion, nicolae_vaults_little_squares_3,
          nicolae_vaults_bisected_exclaves, hangedman_vaults_nails,
          nicolae_vaults_asterisk, dpeg_vaults_monster_row, vaults_room_hallway,
          layout_vaults_chaotic_city, serial_shops, shop
Vaults:5
Crypt:1:  layout_chaotic_city, nrook_guardian_serpent_ordinary, uniq_mennas,
          uniq_zenata
Crypt:2:  layout_chaotic_city
Crypt:3:  due_elkab, layout_chaotic_city, uniq_khufu, uniq_frederick
Depths:1: layout_roguey, enter_ziggurat_c, grunt_metal_band, lemuel_round_altar,
          reono_crystal_passage, minmay_shattered_shrine, serial_bayou_shore_a,
          uniq_enchantress
Depths:2: nicolae_cairo_tiling, layout_small_grid, hangedman_tar_grid_catacomb,
          grunt_pan_entry_spiral, nicolae_ru_awakened_eye
Depths:3: evilmike_halls_of_destruction, layout_cave_shapes, abyss_entry,
          hell_entry, hangedman_decor_cross_pass, small_statue_intersection,
          lemuel_flames_and_gold, infiniplex_staircase_zigzag_2, uniq_mara
Depths:4: grunt_zot_entry_hairpin, layout_honeycomb, abyss_entry,
          abandoned_shop, hell_entry, serial_shops,
          nicolae_shop_window_shopping, pan_entry,
          ashenzari_conservatory_becter, minmay_shoptagon
Hell
Zot:1:    infiniplex_zot_generator, layout_misc_corridors, grunt_ministairs_7,
          zot_minivault_4
Zot:2:    layout_concentric_octagons
Zot:3:    layout_misc_corridors, uniq_grunn
Zot:4:    layout_misc_corridors
Zot:5:    layout_basic

Skill      XL: |  1  2  3  4  5  6  7  8  9 10 11 12 13 14 15 16 17 18 19 20 21 22 23 24 25 26 27 |
---------------+----------------------------------------------------------------------------------+-----
Maces & Flails | 4 5 6 7 9 10 12 14 15 17 18 19 21 23 | 23.1
Fighting       | 4 5 6 8 9 10 11 12 13 14 15 16 17 18 19 20 21 22 23 24 | 24.0
Armour         | 3 4 5 6 7 8 10 11 12 13 14 15 16 17 18 19 20 21 22 23 24 25 26 | 26.5
Dodging        | 3 4 5 6 7 9 10 11 12 13 14 15 16 17 18 19 20 21 22 24 | 24.6
Shields        | 1 2 3 4 6 7 9 10 11 12 14 15 16 18 19 | 19.6
Stealth        | 2 5 7 8 9 10 11 12 14 17 | 17.7
Evocations     | 3 5 6 8 9 10 12 14 15 | 15.6
Throwing       | 1 5 7 9 10 11 13 14 16 | 16.0

Action                   |  1- 3 |  4- 6 |  7- 9 | 10-12 | 13-15 | 16-18 | 19-21 | 22-24 | 25-27 || total
-------------------------+-------+-------+-------+-------+-------+-------+-------+-------+-------++-------
Melee: Mace              |    71 |   123 |   179 |       |       |       |       |       |       ||   373
       Headbutt          |     8 |    14 |    51 |   136 |   271 |   356 |   513 |   576 |   620 ||  2545
       Punch             |       |       |     3 |       |       |       |       |       |       ||     3
       Flail             |       |       |   119 |   616 |   413 |       |       |       |       ||  1148
       Eveningstar       |       |       |       |       |   866 |  1439 |  1617 |  1686 |  1782 ||  7390
       Unarmed           |       |       |       |       |       |       |       |       |     1 ||     1
Throw: Dart              |       |       |       |       |       |     5 |       |       |       ||     5
       Javelin           |       |       |       |       |       |       |     5 |    27 |     9 ||    41
Invok: Berserk           |       |     1 |     5 |     4 |     8 |     4 |     2 |     4 |     7 ||    35
       Brothers in Arms  |       |       |       |     1 |       |     5 |     4 |     2 |       ||    12
       Trog's Hand       |       |       |       |       |       |     5 |    12 |    16 |     8 ||    41
Evoke: Wand              |       |       |       |     2 |       |       |     8 |       |     9 ||    19
       Tin of tremorston |       |       |       |       |       |       |       |       |     1 ||     1
  Use: Scroll            |     5 |     4 |     7 |     6 |    15 |     6 |     6 |     7 |    17 ||    73
       Potion            |       |       |     1 |       |     2 |     3 |     2 |     3 |    12 ||    23
 Stab: Distracted        |       |       |       |       |       |     1 |     2 |     1 |       ||     4
Armor: Animal skin       |     9 |       |       |       |       |       |       |       |       ||     9
       Leather armour    |     9 |       |       |       |       |       |       |       |       ||     9
       Plate armour      |     9 |    95 |   183 |   218 |   460 |   339 |       |       |       ||  1304
       Gold dragon scale |       |       |       |       |       |   283 |   534 |   602 |   905 ||  2324
       Skin              |       |       |       |       |       |       |       |       |     6 ||     6
Dodge: Dodged            |    66 |    40 |   180 |   251 |   652 |   586 |   681 |   835 |   953 ||  4244
Block: Kite shield       |       |       |    28 |   267 |   602 |  1232 |  1410 |  1421 |  1630 ||  6590
